 Dungeon Crawl Stone Soup version 0.31.0-11-ge490571c62 (webtiles) character file.

Game seed: 3891296360855857066

1537 Flugkiller the Magician (level 8, -3/38 (40) HPs)
             Began as a Vine Stalker Ice Elementalist on Feb 3, 2024.
             Was an Initiate of Sif Muna.
             Slain by a wight
             ... wielding a +4 scimitar
              (10 damage)
             ... on level 7 of the Dungeon.
             The game lasted 00:08:15 (1771 turns).

Flugkiller the Magician (VSIE)                      Turns: 1771, Time: 00:08:15

HP:   -3/38 (40)    AC: 10    Str: 12    XL:     8   Next: 86%
MP:   0/20          EV: 12    Int: 17    God:    Sif Muna [......]
Gold: 215           SH:  0    Dex: 14    Spells: 12/22 levels left

rFire   . . .        A - +1 glaive (heavy)
rCold   . . .        (shield currently unavailable)
rNeg    . . .        a - +0 robe
rPois   .            j - +0 helmet
rElec   .            (no cloak)
rCorr   .            (no gloves)
SInv    .            (no boots)
Will    +....        (no amulet)
Stlth   ++           (no ring)
HPRegen 1.06/turn    (no ring)
MPRegen 0.17/turn

%: guardian spirit
@: ice-armoured, freezing walls, drained
A: fangs 3, regeneration 1, magic shield, antimagic bite, no potion heal 2
a: Renounce Religion


You were on level 7 of the Dungeon.
You worshipped Sif Muna.
Sif Muna was noncommittal.
You visited 2 branches of the dungeon, and saw 10 of its levels.

You collected 215 gold pieces.

Inventory:

Hand Weapons
 c - a +0 short sword
   (You took it off a kobold on level 1 of the Dungeon)
 A - a +1 heavy glaive (weapon)
   (You took it off Maggie on level 8 of the Dungeon)
Armour
 a - a +0 robe (worn)
 e - a scarf of invisibility
   (You found it on level 4 of the Dungeon)
 j - a +0 helmet (worn)
   (You found it on level 3 of the Dungeon)
 y - +0 acid dragon scales
   (You took it off Maggie on level 8 of the Dungeon)
Magical Staves
 x - a staff of conjuration
   (You found it on level 6 of the Dungeon)
Wands
 g - a wand of polymorph (10)
   (You found it on level 4 of the Dungeon)
 o - a wand of charming (8)
   (You found it on level 4 of the Dungeon)
 s - a wand of flame (30)
   (You found it on level 4 of the Dungeon)
Scrolls
 d - a scroll of torment
 f - a scroll of revelation
 i - a scroll of brand weapon
 l - a scroll of acquirement
 n - 2 scrolls of noise
 v - a scroll of amnesia
 w - a scroll of blinking {unknown}
Potions
 b - a potion of magic
 h - a potion of brilliance {unknown}
 k - a potion of haste {unknown}
 m - 2 potions of lignification
 p - 2 potions of attraction
 q - 2 potions of curing
 t - a potion of enlightenment {unknown}
 u - a potion of cancellation {unknown}
 z - a potion of degeneration {unknown}


   Skills:
 + Level 3.4 Fighting
 - Level 1.5 Dodging
 - Level 2.4 Stealth
 + Level 7.9 Spellcasting
 - Level 7.6 Ice Magic


You had 12 spell levels left.
You knew the following spells:

 Your Spells              Type           Power      Damage    Failure   Level
a - Freeze                Ice            100%       1d10      1%          1
b - Frozen Ramparts       Ice            64%        1d10      1%          3
c - Ozocubu's Armour      Ice            32%        N/A       1%          3
d - Summon Ice Beast      Ice/Summ       19%        N/A       7%          3

Your spell library contained the following spells:

 Spells                   Type           Power      Damage    Failure   Level
 Sandblast                Erth           12%        2d6       11%         1
 Passwall                 Erth           6%         N/A       32%         3
 Stone Arrow              Conj/Erth      12%        3d7       32%         3
 Animate Armour           Summ/Erth      12%        N/A       71%         4
 Brom's Barrelling Bould  Conj/Erth      6%         2d3       71%         4
 Haunt                    Necr/Summ      3%         N/A       100%        7
 Borgnjor's Revivificati  Necr           3%         N/A       100%        8
 Lehudib's Crystal Spear  Conj/Erth      3%         10d2      100%        8
 Death's Door             Necr           3%         N/A       100%        9


Dungeon Overview and Level Annotations

Branches:
Dungeon (9/15) Zot: 26934  Temple (1/1) D:6 Zot: 5959
   Lair: D:8-11         Orc: D:9-12

Altars:
Ashenzari
Cheibriados
Dithmenos
Elyvilon
Fedhas
Gozag
Hepliaklqana
Kikubaaqudgha
Makhleb
Nemelex Xobeh
Okawaru
Qazlal
Ru
Sif Muna
Trog
Uskayaw
Vehumet
Wu Jian
Xom
Yredelemnul
Zin


Innate Abilities, Weirdness & Mutations

You have razor-sharp teeth.
Your natural rate of healing is unusually fast.
When hurt, damage is shared between your health and your magic reserves.
Your bite disrupts and absorbs the magic of your enemies.
Potions cannot restore your health.


Message History

There is a stone staircase leading up here.
r - a scroll of identify;
A - a +1 heavy glaive (weapon)
As you read the scroll of identify, it crumbles to dust.
n - 2 scrolls of noise Unknown command.
There is a stone staircase leading up here.
You climb upwards.
There is a stone staircase leading down here.
Found a stone staircase leading up. 2 wights come into view.
A wight is wielding a +2 spear of freezing.
There is a stone staircase leading up here.
You climb upwards.
The hound barks!
Found a scroll of identify.
There is a stone staircase leading down here.
Unknown command.
The hound bites you.
You see here a scroll of identify.
Casting: Summon Ice Beast (dangerous; 7% risk of failure)
Confirm with . or Enter, or press ? or * to list all spells.
A chill wind blows around you. The hound bites you but does no damage.
The hound bites you. The hound attacks as it pursues you!
The hound barely misses you.
Your ice beast hits the hound.
Your ice beast freezes the hound.
The hound bites your ice beast.
The hound closely misses your ice beast.
Your ice beast hits the hound.
Your ice beast freezes the hound!
The hound dies!
Sif Muna accepts your kill.
You swap places.
r - a scroll of identify
As you read the scroll of identify, it crumbles to dust.
p - 2 potions of attraction Unknown command.
There is a stone staircase leading down here.
You climb downwards.
Your summoned ally is left behind.
The wight closely misses you.
There is a stone staircase leading up here.
The wight barely misses you.
You climb upwards.
Your ice beast disappears in a puff of smoke!
There is a stone staircase leading down here.
The wight attacks as it pursues you! The wight hits you with a +4 scimitar!
The wight attacks as it pursues you! The wight closely misses you.
Casting: Summon Ice Beast (dangerous; 7% risk of failure)
Confirm with . or Enter, or press ? or * to list all spells.
A chill wind blows around you. The wight completely misses you.
You closely miss the wight. Your bite misses the wight.
The wight closely misses you.
Your ice beast hits the wight but does no damage.
The wight closely misses you.
Your ice beast barely misses the wight.
You barely miss the wight. You bite the wight, but do no damage.
The wight barely misses you.
Your ice beast closely misses the wight.
The wight closely misses you.
Your ice beast barely misses the wight.
The wight hits you with a +4 scimitar!
You feel drained.
Your ice beast closely misses the wight.
Casting: Summon Ice Beast (dangerous; 7% risk of failure)
Confirm with . or Enter, or press ? or * to list all spells.
A film of ice covers your body! The wight barely misses you.
Your ice beast barely misses the wight.
Casting: Ozocubu's Armour (safe; 1% risk of failure)
Confirm with . or Enter, or press ? or * to list all spells.
The walls around you are covered in ice.
The wall freezes the wight but does no damage.
The wight barely misses you.
Your ice beast hits the wight but does no damage.
You barely miss the wight.
The wight completely resists.
The wall freezes the wight but does no damage.
The wight closely misses you.
Your ice beast completely misses the wight.
The wight resists.
The wall freezes the wight.
The wight hits you with a +4 scimitar!
Your ice beast hits the wight.
Your ice beast freezes the wight.
The wight resists.
You closely miss the wight. You bite the wight, but do no damage.
The wight is moderately damaged.
The wall freezes the wight but does no damage.
The wight barely misses you.
Your ice beast closely misses the wight.
The wight completely resists.
The wall freezes the wight but does no damage.
The wight hits you with a +4 scimitar!
* * * LOW HITPOINT WARNING * * *
Your ice beast barely misses the wight.
The wall freezes the wight but does no damage.
The wight hits you with a +4 scimitar.
* * * LOW HITPOINT WARNING * * *
You feel drained.
Your ice beast hits the wight.
Your ice beast freezes the wight.
The wight resists.
Casting: Frozen Ramparts (safe; 1% risk of failure)
Confirm with . or Enter, or press ? or * to list all spells.
Aiming: Freeze (safe; 1% risk of failure)
Press: ? - help, Shift-Dir - straight line, f - wight
Aim: a wight, wielding a +4 scimitar and wearing a +0 robe (heavily damaged, not watching you, ally target)
You freeze the wight.
The wight resists.
The wight is heavily damaged.
The wall freezes the wight but does no damage.
The wight hits you with a +4 scimitar!
You die...

..#.........
#.#.......###
#.#.........#
#.........# #
#.#.......#.#.##
#.#...#......... #
###.......#.#.#####.#
####..............#
#.#########@# #.#
####z#### ####.####
#....Y..# #......>#
#.......# #.##.##.#
#.......# # #.##.#
#.>.....# # #.##.#
#.......# #.##.##.#
#.......# #.......#
#.......#


You could see a wight (ally target) and a friendly ice beast (summoned).

Vanquished Creatures
  A water moccasin (D:5)
  An ice beast (D:7)
  A sky beast (D:6)
  An ogre (D:6)
  A phantom (D:6)
  A kobold brigand (D:8)
  A bullfrog (D:6)
  A killer bee (D:7)
  2 orc priests
  3 hounds
  3 jellies
  2 iguanas
  5 orc wizards
  2 gnolls (D:7)
  5 adders
  A shadow imp (D:7)
  An adder zombie (D:3)
  A ribbon worm (D:2)
  A dart slug (D:4)
  15 orcs
  2 bats
  5 giant cockroaches
  3 goblins
  3 hobgoblins
  14 kobolds
  A quokka (D:2)
  4 ball pythons
  A frilled lizard (D:3)
  2 rats
84 creatures vanquished.

Vanquished Creatures (collateral kills)
  Maggie (D:8)
  A wight (D:8)
  A hound (D:7)
3 creatures vanquished.

Grand Total: 87 creatures vanquished

Notes
Turn   | Place    | Note
-------+----------+-------------------------------------------
     0 | D:1      | Flugkiller the Vine Stalker Ice Elementalist began the
                  | quest for the Orb.
     0 | D:1      | Reached XP level 1. HP: 9/9 MP: 4/4
    75 | D:1      | Reached XP level 2. HP: 13/13 MP: 1/6
   104 | D:2      | Found an opulent altar of Gozag.
   245 | D:3      | Reached XP level 3. HP: 16/16 MP: 1/8
   414 | D:4      | Reached XP level 4. HP: 19/21 MP: 3/10
   504 | D:4      | Reached skill level 5 in Ice Magic
   524 | D:4      | Found an iron altar of Okawaru.
   626 | D:4      | Reached XP level 5. HP: 10/24 MP: 1/11
   641 | D:4      | Found a glowing silver altar of Zin.
   658 | D:4      | Learned a level 3 spell: Frozen Ramparts
   694 | D:4      | Identified a scroll of acquirement
   789 | D:5      | Entered Level 5 of the Dungeon
   803 | D:5      | Found a sacrificial altar of Ru.
   814 | D:5      | Reached XP level 6. HP: 27/28 MP: 11/13
   942 | D:5      | Found a snail-covered altar of Cheibriados.
   958 | D:5      | Noticed a water moccasin
   967 | D:5      | Killed a water moccasin
   968 | D:5      | Reached skill level 5 in Spellcasting
   976 | D:5      | Learned a level 3 spell: Ozocubu's Armour
   980 | D:5      | Learned a level 3 spell: Summon Ice Beast
  1060 | D:6      | Reached XP level 7. HP: 21/32 MP: 3/16
  1093 | D:6      | Found a staircase to the Ecumenical Temple.
  1111 | Temple   | Entered the Ecumenical Temple
  1131 | Temple   | Became a worshipper of Sif Muna the Loreminder
  1344 | D:6      | Gained mutation: You have razor-sharp teeth. [Vine Stalker
                  | growth]
  1344 | D:6      | Reached XP level 8. HP: 32/36 MP: 7/18
  1588 | D:7      | Reached skill level 1 in Fighting
  1651 | D:8      | Noticed Maggie
  1671 | D:8      | Killed Maggie
  1771 | D:7      | Slain by a wight

Illustrated notes

Levels and vault maps discovered:
D:1:      dpeg_arrival_castle, layout_basic, grunt_decor_mini_mirrors
D:2:      layout_loops_ring, basic_altar, shapermc_ecumenical_altar_hornbeckon
D:3:      layout_rooms, serial_undead, serial_undead_c, serial_undead_b,
          serial_undead_a, serial_undead_b
D:4:      layout_gridville, kennysheep_mini_moat, mainiacjoe_overflow_brackets,
          hangedman_feature_mirror, minmay_misc_feat_rows
D:5:      layout_cave_pods, nicolae_ru_great_annihilating_truth,
          overflow_temple_1_default, moated_statue, chequers_big_river
D:6:      layout_loops_ring, minmay_temple_entry_ruins
D:7:      layout_loops_cross, minmay_puff
D:8:      gammafunk_boulding_lane, layout_loops_ring,
          serial_library_regret_index_small_wings, kennysheep_cross_room,
          uniq_maggie
D:9:      layout_basic, mainiacjoe_overflow_boulevard
Temple:   kb_temple_of_zot

Skill      XL: |  1  2  3  4  5  6  7  8 |
---------------+-------------------------+-----
Spellcasting   | 3 4 5 6 7 |  7.9
Ice Magic      | 5 6 7 |  7.6
Fighting       | 3 |  3.4
Dodging        | |  1.5
Stealth        | |  2.4

Action                     |  1- 3 |  4- 6 |  7- 9 || total
---------------------------+-------+-------+-------++-------
  Melee: Short sword       |    54 |    31 |    95 ||   180
         Bite              |    10 |     8 |    29 ||    47
         Unarmed           |     1 |       |       ||     1
         Punch             |     2 |     2 |     1 ||     5
         Glaive            |       |       |     4 ||     4
   Cast: Freeze            |    20 |    28 |    13 ||    61
         Frozen Ramparts   |       |     5 |    15 ||    20
         Ozocubu's Armour  |       |       |     6 ||     6
         Summon Ice Beast  |       |       |     5 ||     5
  Evoke: Wand              |       |       |     3 ||     3
    Use: Scroll            |     3 |     3 |     2 ||     8
         Potion            |       |       |     1 ||     1
   Stab: Sleeping          |     2 |     1 |       ||     3
         Invisible         |       |     1 |       ||     1
         Paralysed         |       |     1 |       ||     1
 Armour: Robe              |    49 |    31 |    61 ||   141
         Skin              |       |       |    20 ||    20
  Dodge: Dodged            |    48 |    26 |    64 ||   138
